 Dungeon Crawl Stone Soup version 0.23.0 (webtiles) character file.

Game seed: 326999289470664043

2050 LLavrengius the Cleaver (level 9, 0/84 HPs)
             Began as a Hill Orc Fighter on Feb 18, 2019.
             Was a Believer of Makhleb.
             Slain by a bullfrog (2 damage)
             ... on level 7 of the Dungeon.
             The game lasted 00:18:11 (6691 turns).

LLavrengius the Cleaver (Hill Orc Fighter)          Turns: 6691, Time: 00:18:12

Health: 0/84       AC: 13    Str: 25    XL:     9   Next: 25%
Magic:  14/14      EV:  5    Int:  8    God:    Makhleb [**....]
Gold:   333        SH:  9    Dex:  6    Spells: 8/8 levels left

rFire    . . .     SeeInvis +   v - +4 hand axe "Ocleck" {pain, MR+ Str+4 Dex-5 SInv}
rCold    + . .     Gourm    .   c - +0 shield
rNeg     . . .     Faith    .   E - +0 chain mail
rPois    +         Spirit   .   g - +2 helmet
rElec    .         Reflect  .   I - +0 cloak
rCorr    .         Harm     .   (no gloves)
MR       +....                  (no boots)
Stlth    ..........             (no amulet)
HPRegen  0.24/turn              u - ring of poison resistance
MPRegen  0.14/turn              y - ring of protection from cold

@: no status effects
A: no striking features
a: Minor Destruction, Renounce Religion


You were on level 7 of the Dungeon.
You worshipped Makhleb.
Makhleb was pleased with you.
You were not hungry.

You visited 1 branch of the dungeon, and saw 7 of its levels.
You also visited: Ossuary.

You collected 333 gold pieces.

Inventory:

Hand Weapons
 a - a +0 war axe
 v - the +4 hand axe "Ocleck" (weapon) {pain, MR+ Str+4 Dex-5 SInv}
   (You found it on level 4 of the Dungeon)

   In the hands of one skilled in necromantic magic, it inflicts extra damage on
   living creatures.
   It affects your strength (+4).
   It affects your dexterity (-5).
   It affects your resistance to hostile enchantments.
   It lets you see invisible.
Missiles
 q - 2 tomahawks
 F - 2 throwing nets
 G - 5 javelins (quivered)
Armour
 c - a +0 shield (worn)
 g - a +2 helmet (worn)
 E - a +0 chain mail (worn)
 I - a +0 cloak (worn)
Jewellery
 u - a ring of poison resistance (left hand)
 y - a ring of protection from cold (right hand)
 D - an uncursed ring of ice
Wands
 b - a wand of enslavement (5)
Scrolls
 e - a scroll of remove curse
 i - 2 scrolls of magic mapping
 k - 5 scrolls of blinking
 o - 2 scrolls of enchant weapon {unknown}
 r - 3 scrolls of fear {unknown}
 s - a scroll of enchant armour {unknown}
 w - 2 scrolls of random uselessness {unknown}
 x - a scroll of immolation {unknown}
 A - 2 scrolls of teleportation {unknown}
 H - a scroll of torment {unknown}
 J - a scroll of vulnerability {unknown}
Potions
 d - a potion of lignification
 h - 3 potions of berserk rage
 j - 3 potions of brilliance
 l - 2 potions of haste
 m - 2 potions of cancellation
 n - 2 potions of curing
 p - a potion of mutation {unknown}
 t - a potion of resistance {unknown}
 z - a potion of flight {unknown}
 B - a potion of might
 C - 3 potions of heal wounds {unknown}
Comestibles
 f - 9 rations
 K - 2 chunks of flesh


   Skills:
 + Level 9.4 Fighting
 + Level 10.4 Axes
 - Level 3.2 Armour
 - Level 3.2 Shields
 + Level 6.8 Invocations


You had 8 spell levels left.
You didn't know any spells.
Your spell library contained the following spells:

 Spells                   Type           Power        Failure   Level  Hunger
 Confusing Touch          Hex            #.....       100%        1    ##.....
 Confuse                  Hex            #.......     100%        3    ####...
 Gell's Gravitas          Tloc           #.........   100%        3    ####...
 Petrify                  Tmut/Erth      #.......     100%        4    #####..
 Metabolic Englaciation   Hex/Ice        #.........   100%        5    ######.
 Yara's Violent Unravell  Hex/Tmut       #.........   100%        5    ######.


Dungeon Overview and Level Annotations

Branches:
Dungeon (7/15)             Temple (0/1) D:4

Altars:
Elyvilon
Fedhas
Makhleb
Ru
Uskayaw
Wu Jian
The Shining One

Annotations:
D:2 exclusion: oklob plant


Message History

Unknown command.
You block the bullfrog's attack. The bullfrog barely misses you.
There is a stone staircase leading up here.
The bullfrog barely misses you. The bullfrog closely misses you.
You block the bullfrog's attack.
Press: ? - help, Shift-Dir - straight line, f - orc warrior
Aim: an orc warrior, wielding a +0 dire flail and wearing a +0 plate armour (lightly wounded)
The orc warrior struggles to resist.
You block the bullfrog's attack.
The orc warrior hits you with a +0 dire flail!
* * * LOW HITPOINT WARNING * * *
Press: ? - help, Shift-Dir - straight line, f/p - orc warrior
Aim: an orc warrior, wielding a +0 dire flail and wearing a +0 plate armour (lightly wounded)
The puff of flame hits the orc warrior but does no damage.
The orc warrior is lightly wounded.
You block the bullfrog's attack.
The orc warrior hits you but does no damage.
The bullfrog hits you.
You die...

##....##
#......+
#.....#
####.†...#
#.......#
#...<...#
#.......#
#..Fo)))###
#..@.....$..
#...........
#...........#
#...........#
#...........#
#...........#
#.......####
#########


You could see an orc warrior and a bullfrog.

Vanquished Creatures
  Prince Ribbit (D:5)
  A wraith (Ossuary)
  2 orc warriors (D:6)
  A phantom (D:5)
  2 ogres (D:5)
  2 bullfrogs
  A gnoll sergeant (D:2)
  2 scorpions
  A howler monkey (D:6)
  A vampire bat (D:3)
  A bullfrog zombie (D:6)
  A crimson imp (D:5)
  A hound (D:3)
  An orc priest (D:5)
  A bullfrog skeleton (D:5)
  Jessica (D:2)
  5 orc wizards
  Natasha (twice) (D:3)
  2 worker ants
  A mummy (Ossuary)
  A hound skeleton (D:4)
  11 adders
  12 gnolls
  3 worms
  4 dart slugs
  3 fire bats (D:3)
  2 leopard geckos
  22 orcs
  2 spectral bats (D:3)
  A ball python (D:3)
  16 bats
  3 bat skeletons (D:3)
  A bat zombie (D:3)
  5 giant cockroaches
  6 goblins
  5 hobgoblins
  10 jackals
  3 quokkas
  A bat simulacrum (D:3)
  4 frilled lizards
  7 gnoll skeletons (Ossuary)
  A jackal skeleton (D:5)
  7 kobolds
  7 kobold skeletons (Ossuary)
  11 orc skeletons (Ossuary)
  7 rats
185 creatures vanquished.

Vanquished Creatures (others)
  A quokka (D:3)
  14 toadstools (D:2)
15 creatures vanquished.

Grand Total: 200 creatures vanquished

Notes
Turn   | Place    | Note
-------+----------+-------------------------------------------
     0 | D:1      | LLavrengius the Hill Orc Fighter began the quest for the
                  | Orb.
     0 | D:1      | Reached XP level 1. HP: 19/19 MP: 1/1
    25 | D:1      | Reached skill level 3 in Axes
    89 | D:1      | Reached XP level 2. HP: 24/26 MP: 2/2
   140 | D:1      | Reached skill level 4 in Axes
   356 | D:1      | Reached XP level 3. HP: 31/31 MP: 3/3
   800 | D:2      | Found an ornate altar of the Wu Jian Council.
   833 | D:2      | Noticed a gnoll sergeant
  1028 | D:2      | Noticed Jessica
  1030 | D:2      | Killed Jessica
  1030 | D:2      | Reached skill level 5 in Axes
  1030 | D:2      | Reached XP level 4. HP: 36/40 MP: 4/4
  1400 | D:2      | Reached XP level 5. HP: 14/47 MP: 5/5
  1862 | D:2      | Reached skill level 5 in Fighting
  1862 | D:2      | Reached skill level 6 in Axes
  2076 | D:2      | Found a blossoming altar of Fedhas.
  2087 | D:2      | Noticed an oklob plant
  2281 | D:3      | Reached XP level 6. HP: 41/56 MP: 6/6
  2596 | D:3      | Found a white marble altar of Elyvilon.
  2683 | D:3      | Noticed Natasha
  2705 | D:3      | Reached skill level 7 in Axes
  2728 | D:3      | Killed Natasha
  3000 | D:3      | Reached XP level 7. HP: 63/64 MP: 7/7
  3114 | D:3      | Noticed Natasha
  3126 | D:3      | Killed Natasha
  3236 | D:3      | Found a burning altar of Makhleb.
  3246 | D:3      | Became a worshipper of Makhleb the Destroyer
  3515 | D:4      | Reached skill level 8 in Axes
  3515 | D:4      | Reached skill level 1 in Invocations
  3779 | D:4      | Found a hide-covered altar of Uskayaw.
  3799 | D:4      | Found a staircase to the Ecumenical Temple.
  3955 | D:4      | Got a bone hand axe
  3956 | D:4      | Identified the +4 hand axe "Ocleck" {pain, MR+ Str+4 Dex-5
                  | SInv} (You found it on level 4 of the Dungeon)
  4177 | D:4      | Found a glowing golden altar of the Shining One.
  4177 | D:4      | Found a sacrificial altar of Ru.
  4278 | D:5      | Entered Level 5 of the Dungeon
  4354 | D:4      | Reached XP level 8. HP: 73/73 MP: 10/10
  4381 | D:5      | Found a sand-covered staircase.
  4387 | Ossuary  | Entered an ossuary
  4387 | Ossuary  | Noticed a wraith
  4387 | Ossuary  | Noticed a wraith
  4387 | Ossuary  | Noticed a wraith
  4403 | Ossuary  | Reached * piety under Makhleb
  4436 | Ossuary  | Noticed a wraith
  4442 | Ossuary  | Killed a wraith
  4558 | Ossuary  | Reached skill level 9 in Axes
  4983 | D:5      | Reached skill level 5 in Invocations
  5070 | D:5      | Noticed Prince Ribbit
  5087 | D:5      | Killed Prince Ribbit
  5426 | D:5      | Reached ** piety under Makhleb
  5426 | D:5      | Reached XP level 9. HP: 82/82 MP: 13/13
  5632 | D:6      | Reached skill level 10 in Axes
  6690 | D:7      | HP: 3/84 [orc warrior/+0 dire flail (10)]
  6691 | D:7      | Slain by a bullfrog

Skill      XL: |  1  2  3  4  5  6  7  8  9 |
---------------+----------------------------+-----
Axes           | 3 4 5 6 7 8 9 10 | 10.4
Fighting       | 4 5 6 7 8 9 |  9.4
Invocations    | 3 5 6 |  6.8
Armour         | |  3.2
Shields        | |  3.2

Action                   |  1- 3 |  4- 6 |  7- 9 || total
-------------------------+-------+-------+-------++-------
Melee: War axe           |    75 |   173 |   105 ||   353
       Hand axe          |       |       |   229 ||   229
Invok: Minor Destruction |       |       |     4 ||     4
  Use: Potion            |       |     1 |     1 ||     2
       Scroll            |       |       |     9 ||     9
  Eat: Chunk             |       |     6 |    13 ||    19
Armor: Scale mail        |    33 |   118 |    85 ||   236
       Chain mail        |       |       |    12 ||    12
Dodge: Dodged            |    30 |    57 |    82 ||   169
Block: Shield            |    50 |   108 |   123 ||   281
